 Dungeon Crawl Stone Soup version 0.30.0-5-g1a98f26d00 (webtiles) character file.

Game seed: 11561284332211439644

75 H0rd4k the Charlatan (level 4, 0/33 HPs)
             Began as a Human Artificer on May 10, 2023.
             Slain by a gnoll
             ... wielding a +0 flail
              (5 damage)
             ... on level 2 of the Dungeon on May 12, 2023.
             The game lasted 00:02:36 (1550 turns).

H0rd4k the Charlatan (Human Artificer)              Turns: 1550, Time: 00:02:37

Health: 0/33       AC:  3    Str:  9 (11) XL:     4   Next: 55%
Magic:  3/3        EV: 11    Int: 17      God:
Gold:   73         SH:  0    Dex: 13      Spells: 3/3 levels left

rFire   x . .        j - +2 short sword (drain)
rCold   + . .        (no shield)
rNeg    . . .        b - +0 leather armour
rPois   .            (no helmet)
rElec   .            (no cloak)
rCorr   .            (no gloves)
SInv    .            (no boots)
Will    .....        (no amulet)
Stlth   ++           k - ring of ice
HPRegen 0.25/turn    (no ring)
MPRegen 0.08/turn

%: no passive effects
@: no status effects
A: clever 1, deterioration 1, low MP 1
a: no special abilities


You were on level 2 of the Dungeon.
You visited 1 branch of the dungeon, and saw 2 of its levels.

You collected 73 gold pieces.

Inventory:

Hand Weapons
 a - a +0 club
 j - a +2 short sword of draining (weapon)
Armour
 b - a +0 leather armour (worn)
 o - an orb of guile
Jewellery
 k - a ring of ice (left hand)
Wands
 c - a wand of flame (12) (quivered)
 d - a wand of charming (14)
 e - a wand of iceblast (5)
 g - a wand of light (9)
Scrolls
 f - a scroll of fog {unknown}
 i - 2 scrolls of identify {unknown}
 l - a scroll of silence {unknown}
 m - a scroll of noise {unknown}
 n - a scroll of amnesia {unknown}
Potions
 h - 2 potions of flight


   Skills:
 + Level 1.9 Fighting
 + Level 1.3 Short Blades
 - Level 2.0 Armour
 + Level 1.7 Dodging
 + Level 1.5 Stealth
 + Level 3.8 Evocations


You had 3 spell levels left.
You didn't know any spells.
Your spell library was empty.

Dungeon Overview and Level Annotations

Branches:
Dungeon (2/15)

Altars:

Shops:
D:2 :


Innate Abilities, Weirdness & Mutations

Your mind is acute. (Int +4, Str/Dex -1)
Your body sometimes deteriorates upon taking damage.
Your magical capacity is low. (-10% MP)


Message History

The gnoll hits you with a +0 club.
Your body deteriorates!
You feel weakened. The kobold closely misses you.
You climb upwards.
There is a stone staircase leading down here.
You barely miss the gnoll.
The gnoll is almost dead.
The gnoll closely misses you. The kobold hits you with a +0 club.
You hit the gnoll.
You kill the gnoll!
The kobold closely misses you.
You feel your strength returning.
You miss the kobold. The kobold hits you but does no damage.
You hit the kobold. You drain the kobold.
The kobold is severely wounded.
The kobold completely misses you.
You hit the kobold but do no damage. You drain the kobold.
You kill the kobold!
You see here a +0 club.
HP restored.
Done exploring.
There is a stone staircase leading down here.
You climb downwards.
The gnoll hits you with a +0 flail! The gnoll misses you.
There is a stone staircase leading up, spattered with blood here.
A gnoll is nearby!
You completely miss the gnoll. You hit the gnoll.
The gnoll is heavily wounded.
The gnoll hits you with a +0 flail!
You hit the gnoll.
The gnoll is heavily wounded.
The gnoll hits you with a +0 flail!
* * * LOW HITPOINT WARNING * * *
You closely miss the gnoll.
The gnoll is heavily wounded.
The gnoll closely misses you.
You hit the gnoll.
The gnoll is almost dead.
The gnoll hits you with a +0 flail.
You die...

### ..# ####### #.###
#.....####### #...###
#.....#....)### ###...##
#.............. # ###..#
#.)...#.###... #
##.#######.#.######## ####### #
#......##.#...(..... ..#.... #
#.....<##.#@#.###### #.#.##. #
#.........#.g.# #.#..#. #
#......##.#.### #.#..#. #
#......####.# #....#>
######...........##########....#.
>...................gK......gK...
##..##......################...##
.....##..#......(.#.......######
###).#.##########.##.####


You could see a gnoll.

Vanquished Creatures
  A gnoll (D:1)
  2 adders (D:2)
  A worm (D:2)
  3 ball pythons (D:1)
  6 bats
  2 endoplasms (D:1)
  A giant cockroach (D:2)
  4 goblins
  4 hobgoblins
  4 kobolds (D:1)
  2 frilled lizards (D:1)
  2 rats (D:2)
32 creatures vanquished.

Vanquished Creatures (collateral kills)
  A gnoll (D:2)
  An endoplasm (D:2)
  A rat (D:2)
3 creatures vanquished.

Grand Total: 35 creatures vanquished

Notes
Turn   | Place    | Note
-------+----------+-------------------------------------------
     0 | D:1      | H0rd4k the Human Artificer began the quest for the Orb.
     0 | D:1      | Reached XP level 1. HP: 15/15 MP: 1/1
   186 | D:1      | Reached XP level 2. HP: 21/21 MP: 2/2
   638 | D:1      | Reached XP level 3. HP: 21/26 MP: 3/3
   672 | D:1      | Found a faded altar of an unknown god.
   953 | D:2      | HP: 1/26 [poisoned by an adder]
   955 | D:2      | Gained mutation: Your body sometimes deteriorates upon
                  | taking damage. [potion of mutation]
   955 | D:2      | Gained mutation: Your magical capacity is low. (-10% MP)
                  | [potion of mutation]
   955 | D:2      | Gained mutation: Your mind is acute. (Int +4, Str/Dex -1)
                  | [potion of mutation]
  1060 | D:2      | Found Kihepos's Book Shop.
  1253 | D:2      | Reached XP level 4. HP: 22/33 MP: 3/3
  1367 | D:2      | Reached skill level 1 in Short Blades
  1550 | D:2      | Slain by a gnoll

Illustrated notes

Levels and vault maps discovered:
D:1:      ncdulo_watergridlock, layout_loops_ring,
          ebering_ecumenical_altar_ruins
D:2:      layout_basic, serial_shops, nicolae_shop_advertising_works
          [nicolae_subvault_shop_adworks], grunt_decor_resistance

Skill      XL: |  1  2  3  4 |
---------------+-------------+-----
Short Blades   | 1 |  1.3
Fighting       | |  1.9
Armour         | |  2.0
Dodging        | |  1.7
Stealth        | |  1.5
Evocations     | |  3.8

Action                     |  1- 3 |  4- 6 || total
---------------------------+-------+-------++-------
  Melee: Club              |    59 |       ||    59
         Short sword       |    55 |    17 ||    72
         Punch             |     2 |       ||     2
  Evoke: Wand              |     3 |     1 ||     4
    Use: Potion            |     4 |       ||     4
   Stab: Sleeping          |     4 |     1 ||     5
 Armour: Leather armour    |    30 |     2 ||    32
  Dodge: Dodged            |    81 |    12 ||    93
